 Dungeon Crawl Stone Soup version 0.28.0 (console) character file.

Game seed: 14236919767776382412

860 ifreund the Skirmisher (level 8, -11/61 HPs)
             Began as a Djinni Fighter on Feb 8, 2022.
             Was an Initiate of Makhleb.
             Mangled by a wyvern (14 damage)
             ... on level 6 of the Dungeon.
             The game lasted 00:23:34 (7063 turns).

ifreund the Skirmisher (Djinni Fighter)             Turns: 7063, Time: 00:23:35

Health: -11/61     AC: 16    Str: 15    XL:     8   Next: 22%
Gold:   262        EV:  4    Int: 13    God:    Makhleb [......] SH:  4 Dex: 12

rFire   + + .      SeeInvis .   a - +0 long sword
rCold   x . .      Faith    .   c - +0 buckler
rNeg    . . .      Spirit   .   s - +2 plate armour {Will+}
rPois   ∞          Reflect  .   (no helmet)
rElec   .          Harm     .   r - +0 cloak
rCorr   .          Rampage  .   k - +0 pair of gloves
Will    +....                   (boots unavailable)
Stlth   ..........              (no amulet)
HPRegen 0.20/turn               (no ring)
MPRegen 0.00/turn               (no ring)

@: brilliant, flying
A: sickness immunity, fire resistance 2, cold vulnerability 1, float, innate
caster, HP casting, extra vitality 1
a: Renounce Religion


You were on level 6 of the Dungeon.
You worshipped Makhleb.
Makhleb was noncommittal.
You visited 1 branch of the dungeon, and saw 6 of its levels.

You collected 262 gold pieces.

Inventory:

Hand Weapons
 a - a +0 long sword (weapon)
Missiles
 j - 2 throwing nets (quivered)
Armour
 c - a +0 buckler (worn)
 d - a +1 chain mail of cold resistance
 k - a +0 pair of gloves (worn)
 r - a +0 cloak (worn)
 s - a +2 plate armour of willpower (worn)
Magical Staves
 g - a staff of fire
Scrolls
 h - a scroll of magic mapping {unknown}
 l - 2 scrolls of teleportation {unknown}
 m - 2 scrolls of enchant weapon {unknown}
 o - a scroll of enchant armour {unknown}
 t - a scroll of identify {unknown}
Potions
 b - a potion of might
 e - 2 potions of flight
 f - 2 potions of degeneration {unknown}
 i - 2 potions of brilliance
 n - a potion of haste {unknown}
 p - 2 potions of curing {unknown}
 q - a potion of lignification {unknown}
 v - a potion of heal wounds {unknown}


   Skills:
 * Level 6.0 Fighting
 + Level 3.7 Long Blades
 + Level 4.7 Armour
 - Level 3.0 Shields
 * Level 3.3 Spellcasting


You had 8 spell levels left.
You knew the following spells:

 Your Spells              Type           Power      Damage    Failure   Level
a - Foxfire               Conj/Fire      64%        2x1d7     99%         1
b - Wereblood             Tmut           16%        N/A       100%        2
c - Call Imp              Summ           16%        N/A       100%        2
Your spell library was empty.


Dungeon Overview and Level Annotations

Branches:
Dungeon (6/15)             Temple (0/1) D:6

Altars:
Elyvilon
Makhleb
Xom
The Shining One


Innate Abilities, Weirdness & Mutations

You are immune to sickness and miasma.
You are immune to poison.
Your flesh is very heat resistant. (rF++)
You are vulnerable to cold. (rC-)
You float through the air rather than walking.
You learn spells naturally, not from books.
Your magical power is your life essence.
You have superior vitality. (+4 MHP)


Message History

The wyvern bites you but does no damage.
You hit the wyvern but do no damage.
The wyvern is lightly wounded.
The wyvern bites you. x2
You hit the wyvern.
The wyvern is moderately wounded.
The wyvern bites you but does no damage.
The wyvern bites you.
You hit the wyvern but do no damage.
The wyvern is moderately wounded.
The wyvern bites you!
You barely miss the wyvern.
The wyvern is moderately wounded.
The wyvern bites you but does no damage. x2
You barely miss the wyvern.
The wyvern is moderately wounded.
The wyvern bites you!
* * * LOW HITPOINT WARNING * * *
The wyvern bites you but does no damage.
The wyvern barely misses you. The wyvern completely misses you.
The wyvern barely misses you. The wyvern bites you.
* * * LOW HITPOINT WARNING * * *
You see here a +0 battleaxe.
It was a potion of flight.
You feel more buoyant. The wyvern bites you.
* * * LOW HITPOINT WARNING * * *
The wyvern bites you but does no damage.
It was a potion of brilliance.
You feel clever all of a sudden. The wyvern bites you.
* * * LOW HITPOINT WARNING * * *
The wyvern bites you but does no damage.
The wyvern bites you.
* * * LOW HITPOINT WARNING * * *
The wyvern bites you but does no damage.
The wyvern bites you!
You die...

####.# .....###
###########
##.......###
##.#####.....# #.#
?.##.# # #.# ..# .
#.# ..# .
#########)# ##..#
#
#.........####...#
#
#............l@..#
#
#.........#####..#
# #.........# .#.#
###.#.#.....# ##
.# ....#.####..# #
##..#.. ...#
##..######..#
##.... .#.#
##.#### ##.# ...#
####


You could see a wyvern.

Vanquished Creatures
  Sigmund (D:5)
  Menkaure (D:5)
  A bullfrog (D:4)
  A scorpion (D:5)
  2 hounds
  2 orc priests (D:4)
  Crazy Yiuf (D:5)
  2 centaur skeletons (D:4)
  Terence (D:3)
  2 iguanas
  An orc wizard (D:5)
  2 howler monkey zombies (D:5)
  4 gnolls (D:3)
  2 adders
  An ufetubus (D:5)
  4 worms
  A dart slug (D:2)
  4 orcs
  2 endoplasms (D:1)
  3 giant cockroaches
  9 goblins
  4 hobgoblins
  10 jackals
  5 quokkas
  3 ball pythons
  2 bats
  6 frilled lizards
  5 kobolds
  2 rats (D:1)
84 creatures vanquished.

Vanquished Creatures (others)
  4 foxfires
  2 plants (D:4)
6 creatures vanquished.

Grand Total: 90 creatures vanquished

Notes
Turn   | Place    | Note
-------+----------+-------------------------------------------
     0 | D:1      | ifreund the Djinni Fighter began the quest for the Orb.
     0 | D:1      | Reached XP level 1. HP: 20/20 MP: 0/0
   280 | D:1      | Reached XP level 2. HP: 25/25 MP: 0/0
   373 | D:1      | Found a faded altar of an unknown god.
  1007 | D:2      | Reached XP level 3. HP: 21/30 MP: 0/0
  1007 | D:2      | Learned a level 1 spell: Foxfire
  1668 | D:2      | Reached XP level 4. HP: 31/37 MP: 0/0
  1953 | D:3      | Noticed Terence
  1985 | D:3      | Killed Terence
  1986 | D:3      | Reached skill level 4 in Fighting
  1986 | D:3      | Reached skill level 1 in Spellcasting
  2372 | D:3      | Found a glowing golden altar of the Shining One.
  2822 | D:3      | Reached XP level 5. HP: 14/41 MP: 0/0
  2822 | D:3      | Learned a level 2 spell: Wereblood
  3351 | D:3      | Identified the +0 robe of Vanity {Str+6 Int+2}
  3867 | D:4      | Reached XP level 6. HP: 42/48 MP: 0/0
  4332 | D:4      | Found a shimmering altar of Xom.
  4757 | D:4      | Reached skill level 5 in Fighting
  4757 | D:4      | Reached XP level 7. HP: 53/54 MP: 0/0
  4757 | D:4      | Learned a level 2 spell: Call Imp
  4844 | D:4      | Found a white marble altar of Elyvilon.
  5160 | D:5      | Entered Level 5 of the Dungeon
  5277 | D:5      | Noticed Sigmund
  5327 | D:5      | Noticed Menkaure
  6000 | D:5      | Found a burning altar of Makhleb.
  6051 | D:5      | Killed Menkaure
  6176 | D:5      | Found a runed translucent door.
  6178 | D:5      | Noticed Crazy Yiuf
  6276 | D:5      | Killed Sigmund
  6277 | D:5      | Reached XP level 8. HP: 40/61 MP: 0/0
  6587 | D:5      | Killed Crazy Yiuf
  6776 | D:5      | Became a worshipper of Makhleb the Destroyer
  6791 | D:6      | Found a staircase to the Ecumenical Temple.
  6872 | D:6      | Reached skill level 6 in Fighting
  7036 | D:6      | Noticed a wyvern
  7059 | D:6      | HP: 2/61 [wyvern (3)]
  7063 | D:6      | Mangled by a wyvern

Illustrated notes

Levels and vault maps discovered:
D:1:      saegor_arrival_simple_d, layout_basic,
          hellmonk_ecumenical_altar_run_dry, nicolae_figureground_sparkle
D:2:      layout_rooms
D:3:      layout_basic, old_standard_altar, uniq_terence
D:4:      layout_basic, nicolae_elyvilon_temple_path, marbit_many_paths
D:5:      layout_rooms, mainiacjoe_overflow_cross_hatched,
          uniq_crazy_yiuf_cottage, uniq_menkaure, uniq_sigmund
D:6:      layout_loops_ring, overflow_temple_1_default,
          minmay_temple_entry_statues_pillars, serial_co_window_serial,
          co_window_of_opportunity_a, co_window_paths_a, co_window_paths_a,
          co_window_of_opportunity_a, co_window_paths_a, co_window_cross_2,
          co_window_broadway_b, co_window_2corner, co_window_of_opportunity_b,
          glass_columns_a, grunt_decor_arrowhead, minmay_misc_feat_tower

Skill      XL: |  1  2  3  4  5  6  7  8 |
---------------+-------------------------+-----
Long Blades    | 2 3 |  3.7
Fighting       | 4 5 6 |  6.0
Spellcasting   | 1 2 3 |  3.3
Armour         | 4 |  4.7
Shields        | |  3.0

Action                   |  1- 3 |  4- 6 |  7- 9 || total
-------------------------+-------+-------+-------++-------
Melee: Long sword        |    97 |   189 |   105 ||   391
 Cast: Foxfire           |     2 |     1 |       ||     3
  Use: Potion            |       |     1 |     2 ||     3
Armor: Scale mail        |    51 |     7 |       ||    58
       Chain mail        |       |   135 |    36 ||   171
       Plate armour      |       |       |    37 ||    37
Dodge: Dodged            |    53 |    80 |    29 ||   162
Block: Buckler           |    15 |    49 |    14 ||    78
